[Event "ICC tourney 3340 (40 10)"]
[Site "Internet Chess Club"]
[Date "2023.12.09"]
[Round "3"]
[White "CHENG, ERIC:EricCheng-131"]
[Black "Meng, Joshua:jmichess"]
[Result "0-1"]
[ICCResult "White resigns"]
[WhiteElo "1823"]
[BlackElo "2014"]
[Opening "Sicilian: accelerated fianchetto, modern variation with Bc4"]
[ECO "B35"]
[NIC "SI.33"]
[Time "15:30:04"]
[PlyCount "58"]
[TimeControl "2400+10"]

1. e4 c5 2. Nf3 Nc6 3. d4 cxd4 4. Nxd4 g6 5. Nc3 Bg7 6. Be3 Nf6 7. Bc4 O-O
8. f3 Qb6 9. Qd2 Nxe4 10. Nxc6 Qxc6 11. Nxe4 Qxc4 12. Bh6 d5 13. Bxg7 Kxg7
14. Nc3 Be6 15. h4 h5 16. Ne2 Rac8 17. c3 Rcd8 18. Nd4 Bc8 19. g4 e5 20. Nc2
hxg4 21. h5 Qf4 22. Qxf4 exf4 23. h6+ Kh7 24. fxg4 Rde8+ 25. Kf2 Bxg4 26.
Nd4 Bh5 27. Nf5 Re2+ 28. Kf1 Rxb2 29. Re1 Bf3 {White resigns} 0-1

[Event "ICC tourney 3340 (40 10)"]
[Site "Internet Chess Club"]
[Date "2023.12.09"]
[Round "3"]
[White "POLYAKIN, VLADIMIR:IAlwaysWin"]
[Black "KONA, VIDIP KUMAR:Vidipkona"]
[Result "0-1"]
[ICCResult "White resigns"]
[WhiteElo "2100"]
[BlackElo "2029"]
[Opening "English: Wimpey system"]
[ECO "A05"]
[NIC "QP.11"]
[Time "15:30:09"]
[PlyCount "54"]
[TimeControl "2400+10"]

1. Nf3 Nf6 2. c4 e6 3. b3 d5 4. e3 c5 5. Bb2 Be7 6. d4 Nc6 7. Bd3 cxd4 8.
exd4 dxc4 9. bxc4 b6 10. O-O Bb7 11. Nbd2 O-O 12. Rc1 h6 13. Qe2 Bd6 14. Bb1
Re8 15. Rfd1 Qe7 16. Ne4 Nxe4 17. Qxe4 g6 18. Qg4 h5 19. Qh3 Bc8 20. Ne5
Nxe5 21. dxe5 Bc5 22. Rd3 Kg7 23. Rf3 Qg5 24. Rd1 Bb7 25. Rg3 Qf4 26. Rf1
Rad8 27. Bc1 Qxf2+ {White resigns} 0-1

[Event "ICC tourney 3340 (40 10)"]
[Site "Internet Chess Club"]
[Date "2023.12.09"]
[Round "3"]
[White "ZHOU, JIANCHAO:TomCruise999"]
[Black "CHINNI, RISHABH:alphachesplayer"]
[Result "1-0"]
[ICCResult "Black resigns"]
[WhiteElo "2646"]
[BlackElo "2094"]
[Opening "English opening"]
[ECO "A05"]
[NIC "QP.11"]
[Time "15:30:04"]
[PlyCount "89"]
[TimeControl "2400+10"]

1. Nf3 Nf6 2. c4 e6 3. Nc3 d5 4. e3 c5 5. cxd5 exd5 6. Bb5+ Bd7 7. Bxd7+
Nbxd7 8. O-O Be7 9. d4 O-O 10. dxc5 Nxc5 11. b3 Nce4 12. Bb2 Rc8 13. Ne2 Qa5
14. a3 Rfd8 15. h3 h6 16. Ned4 Nc3 17. Qe1 Nfe4 18. Rc1 Qc5 19. Kh1 Bf6 20.
Rc2 b5 21. Qa1 a5 22. Bxc3 Nxc3 23. b4 axb4 24. axb4 Qxb4 25. Rfc1 Rc4 26.
Rxc3 Rdc8 27. Rxc4 dxc4 28. Qb1 Qxb1 29. Rxb1 c3 30. Nc2 Rb8 31. Rb3 Ra8 32.
Rxb5 Ra2 33. Nfe1 Rb2 34. Rc5 Kf8 35. e4 Rb1 36. g3 Bd4 37. Nxd4 Rxe1+ 38.
Kg2 Rxe4 39. Nf5 Kg8 40. Rxc3 Re5 41. Nd6 f6 42. Rc8+ Kh7 43. Rc7 Kg6 44. g4
h5 45. Nf5 {Black resigns} 1-0

[Event "ICC tourney 3340 (40 10)"]
[Site "Internet Chess Club"]
[Date "2023.12.09"]
[Round "3"]
[White "QUIRKE, JEFFREY L:PawnEatingZombi"]
[Black "Volkov, Sergey:Volkov"]
[Result "0-1"]
[ICCResult "White resigns"]
[WhiteElo "2165"]
[BlackElo "2506"]
[Opening "QGD Slav defense"]
[ECO "D10"]
[NIC "SL.01"]
[Time "15:30:03"]
[PlyCount "90"]
[TimeControl "2400+10"]

1. d4 d5 2. c4 c6 3. Nc3 Nf6 4. e3 a6 5. Qc2 g6 6. Bd3 Bg7 7. Nf3 O-O 8. O-O
Bg4 9. Ne5 Be6 10. c5 Nbd7 11. Nxd7 Qxd7 12. Na4 Rae8 13. Nb6 Qc7 14. Bd2
Nd7 15. Na4 Kh8 16. h3 f6 17. f4 Bg8 18. f5 e5 19. fxg6 e4 20. gxh7 Bxh7 21.
Be2 Bh6 22. Qc1 Qg3 23. Rf2 Rg8 24. Bf1 f5 25. Nc3 Qxh3 26. Ne2 Nf6 27. g3
Qh5 28. Rh2 Qg5 29. Rg2 Bg6 30. Nf4 Bh5 31. Be1 Bf3 32. Rh2 Re7 33. b4 Rh7
34. a4 Ng4 35. Raa2 Nxh2 36. Rxh2 Qf6 37. Bf2 Bxf4 38. Rxh7+ Kxh7 39. exf4
Qh6 40. Bg2 Qh5 41. Qe3 Bxg2 42. Kxg2 Rg6 43. b5 Rh6 44. Kf1 Qd1+ 45. Be1
Rh1+ {White resigns} 0-1

[Event "ICC tourney 3340 (40 10)"]
[Site "Internet Chess Club"]
[Date "2023.12.09"]
[Round "3"]
[White "ZHANG, SUNNY:AboardBuffalo"]
[Black "WU, WILLIAM:chessw23"]
[Result "0-1"]
[ICCResult "White resigns"]
[WhiteElo "1916"]
[BlackElo "2144"]
[Opening "Sicilian: Kan variation"]
[ECO "B41"]
[NIC "SI.41"]
[Time "15:30:08"]
[PlyCount "60"]
[TimeControl "2400+10"]

1. e4 c5 2. Nf3 e6 3. d4 cxd4 4. Nxd4 a6 5. a3 Nc6 6. Nc3 Nge7 7. Be2 g6 8.
O-O Bg7 9. Be3 O-O 10. Qd2 Qc7 11. Nxc6 bxc6 12. Bc5 d5 13. Rab1 d4 14. Na4
Rb8 15. f4 Rd8 16. e5 Nf5 17. g4 Ne3 18. Rfe1 g5 19. Bxd4 Nxc2 20. Qxc2 Rxd4
21. Bf3 Rxf4 22. Qxc6 Qa7+ 23. Qc5 Qxc5+ 24. Nxc5 Bf8 25. Rbc1 Bxc5+ 26.
Rxc5 Rxf3 27. Rd1 Bb7 28. Rd7 Bd5 29. b4 Rxa3 30. Rcc7 Rf3 {White resigns}
0-1

[Event "ICC tourney 3340 (40 10)"]
[Site "Internet Chess Club"]
[Date "2023.12.09"]
[Round "3"]
[White "KOEHL, EVAN:MacAndSneeze"]
[Black "HANKE, HARVEY:ThinkingPanda"]
[Result "1-0"]
[ICCResult "Black checkmated"]
[WhiteElo "2050"]
[BlackElo "2077"]
[Opening "Scotch: Potter variation"]
[ECO "C45"]
[NIC "SO.05"]
[Time "15:30:10"]
[PlyCount "115"]
[TimeControl "2400+10"]

1. e4 e5 2. Nf3 Nc6 3. d4 exd4 4. Nxd4 Bc5 5. Nb3 Bb6 6. Nc3 Nf6 7. Bg5 h6
8. Bh4 Qe7 9. Qe2 g5 10. Bg3 d6 11. O-O-O a5 12. a4 Ne5 13. Qd2 Bd7 14. Kb1
O-O-O 15. Be2 Bc6 16. f3 d5 17. exd5 Bxd5 18. Qc1 Bxb3 19. cxb3 Nc6 20. Bc4
Be3 21. Rxd8+ Rxd8 22. Qe1 Re8 23. Nb5 Qd7 24. Qc3 Bd4 25. Nxd4 Nxd4 26.
Qxa5 Qf5+ 27. Qxf5+ Nxf5 28. Bxf7 Re2 29. Rg1 Nxg3 30. hxg3 Nh5 31. Bxh5 Re3
32. Kc2 Re2+ 33. Kc3 Re3+ 34. Kb4 Re2 35. Ka3 Re3 36. Bg4+ Kb8 37. Rh1 Re2
38. Rxh6 Rxg2 39. Rg6 Rxg3 40. Rxg5 Rg2 41. Rf5 Rf2 42. Rf8+ Ka7 43. f4 Rg2
44. Be6 Rf2 45. f5 Re2 46. Bc4 Rf2 47. f6 c6 48. f7 Rf4 49. Rg8 b5 50. f8=Q
Rxf8 51. Rxf8 b4+ 52. Kxb4 c5+ 53. Kxc5 Kb7 54. Rf6 Ka7 55. Rb6 Ka8 56. Kc6
Ka7 57. Kc7 Ka8 58. Ra6# {Black checkmated} 1-0

[Event "ICC tourney 3340 (40 10)"]
[Site "Internet Chess Club"]
[Date "2023.12.09"]
[Round "3"]
[White "Yang, Daniel:danielbest"]
[Black "Pozharskii, Denis:odnis"]
[Result "0-1"]
[ICCResult "White resigns"]
[WhiteElo "2132"]
[BlackElo "1831"]
[Opening "QGD semi-Slav: Stoltz variation"]
[ECO "D45"]
[NIC "SL.08"]
[Time "15:30:17"]
[PlyCount "182"]
[TimeControl "2400+10"]

1. d4 d5 2. c4 c6 3. Nf3 Nf6 4. Nc3 e6 5. e3 Nbd7 6. Qc2 Bd6 7. b3 O-O 8.
Be2 b6 9. O-O Bb7 10. Bb2 Qe7 11. Rad1 Rfd8 12. Rfe1 Qf8 13. e4 dxe4 14.
Nxe4 Nxe4 15. Qxe4 Nf6 16. Qh4 Be7 17. Qh3 h6 18. Ne5 Nd7 19. Bf3 Nxe5 20.
Rxe5 Bf6 21. Ree1 Rab8 22. Re2 c5 23. d5 Bxb2 24. Rxb2 exd5 25. cxd5 Rd6 26.
Rbd2 Rbd8 27. Qg3 Qe7 28. h3 Qg5 29. Qxg5 hxg5 30. Kh2 Kf8 31. Re2 Re8 32.
Rde1 Rdd8 33. Kg3 Rxe2 34. Rxe2 Re8 35. Rd2 Rd8 36. Re2 Re8 37. Rxe8+ Kxe8
38. Kg4 f6 39. Kh5 Kf7 40. Be4 Bc8 41. d6 Bd7 42. Bd5+ Kf8 43. Kg6 Be8+ 44.
Kf5 Bd7+ 45. Ke4 Ke8 46. Ba8 Be6 47. Bc6+ Kd8 48. f4 gxf4 49. Kxf4 c4 50.
bxc4 Bxc4 51. a4 Be6 52. Ke4 Bd7 53. Kd5 a6 54. Bb7 Bxa4 55. Bxa6 Kd7 56.
Bd3 Bc6+ 57. Kd4 Bxg2 58. h4 Kxd6 59. h5 Bc6 60. Bg6 Ke7 61. Bf5 Kd6 62. Bg6
Ke6 63. Ke3 Ke5 64. Bf7 Kf5 65. Bg6+ Kg5 66. Bf7 Kg4 67. Bg6 f5 68. Ke2 f4
69. Kf2 b5 70. Bf7 Be4 71. Be8 b4 72. Bf7 Kg5 73. Ke2 Kf6 74. Bb3 Ke5 75.
Ba2 Kd4 76. Kd2 Bf3 77. Bf7 Bd5 78. Bg6 Bc4 79. Bf5 Bf7 80. Bg4 Ke4 81. Ke2
b3 82. Kd2 f3 83. Kc1 f2 84. Be2 Ke3 85. Bf1 Bxh5 86. Bg2 Bf7 87. Bf1 g5 88.
Bg2 Ke2 89. Bf3+ Kxf3 90. Kd2 Kg2 91. Kc3 f1=Q {White resigns} 0-1

[Event "ICC tourney 3340 (40 10)"]
[Site "Internet Chess Club"]
[Date "2023.12.09"]
[Round "3"]
[White "LIU, PATRICK PEIJUN:JunlinTheWorld"]
[Black "BERKLEY, DARRIN K:drberkley"]
[Result "1-0"]
[ICCResult "Black resigns"]
[WhiteElo "2257"]
[BlackElo "1904"]
[Opening "King's Indian: Makagonov system (5.h3)"]
[ECO "E71"]
[NIC "KI.20"]
[Time "15:30:30"]
[PlyCount "179"]
[TimeControl "2400+10"]

1. d4 Nf6 2. c4 g6 3. Nc3 Bg7 4. e4 d6 5. h3 O-O 6. Nf3 e5 7. d5 a5 8. Qc2
Na6 9. g4 c6 10. Ng1 cxd5 11. cxd5 Bd7 12. f3 Qb6 13. h4 h5 14. g5 Nh7 15.
Qf2 Qxf2+ 16. Kxf2 f6 17. Be3 fxg5 18. hxg5 Nb4 19. Rc1 Rfc8 20. a3 Na6 21.
Bb5 Bxb5 22. Nxb5 Rxc1 23. Bxc1 Rc8 24. Ne2 Bf8 25. Bd2 Be7 26. Rg1 Rc2 27.
Bc3 Nc5 28. Ke1 Na4 29. f4 Nxc3 30. bxc3 Rb2 31. a4 Rb1+ 32. Kf2 Rxg1 33.
Kxg1 exf4 34. Nxf4 Kf7 35. Ne6 Ke8 36. Na3 Nxg5 37. Nxg5 Bxg5 38. Nc4 Kd7
39. Nxa5 Kc7 40. Nb3 Kb6 41. c4 Be3+ 42. Kg2 h4 43. Kf3 Bh6 44. Kg4 g5 45.
a5+ Kc7 46. Nd4 Kd7 47. Ne6 Kc8 48. Nd4 Bg7 49. Nf3 Bf6 50. Kf5 Bd8 51. Nh2
Kb8 52. Ng4 Ka7 53. Ke6 Bc7 54. Kd7 Kb8 55. Ke7 h3 56. Kf6 Bd8+ 57. Kf5 Ka7
58. Ke6 Kb8 59. Kf5 Kc8 60. Nh2 Kd7 61. Kg4 Ke8 62. Nf3 Kf7 63. Kxh3 Kg6 64.
Kg4 Bxa5 65. Nxg5 Kf6 66. Nf3 Bc3 67. Kf4 Bb2 68. Ke3 b6 69. Ne1 Bc1+ 70.
Kd3 Ke5 71. Nf3+ Kf4 72. Nd4 Ke5 73. Nc6+ Kf4 74. Nb8 Be3 75. Nd7 Bg1 76.
Nf6 Ke5 77. Ne8 Bf2 78. Ng7 Bg1 79. Nf5 Bf2 80. Nh6 Bc5 81. Ng4+ Kf4 82. Nf6
Ke5 83. Nd7+ Kf4 84. e5 dxe5 85. Nxc5 bxc5 86. d6 e4+ 87. Ke2 Ke5 88. d7 Kd4
89. d8=Q+ Kxc4 90. Ke3 {Black resigns} 1-0

[Event "ICC tourney 3340 (40 10)"]
[Site "Internet Chess Club"]
[Date "2023.12.09"]
[Round "3"]
[White "OPASKA, MICHAEL:mopaska1106"]
[Black "Li, Alex:AlexLi31415"]
[Result "1-0"]
[ICCResult "Black resigns"]
[WhiteElo "2004"]
[BlackElo "1835"]
[Opening "Queen's gambit declined"]
[ECO "D30"]
[NIC "QP.08"]
[Time "15:30:05"]
[PlyCount "95"]
[TimeControl "2400+10"]

1. d4 d5 2. c4 e6 3. g3 dxc4 4. Bg2 c5 5. Nf3 Nc6 6. Nbd2 cxd4 7. Nxc4 Bb4+
8. Bd2 Bxd2+ 9. Qxd2 Nf6 10. O-O O-O 11. Rfd1 Qc7 12. Nxd4 Nxd4 13. Qxd4 Bd7
14. Ne5 Bb5 15. Rac1 Qb6 16. e3 Qxd4 17. Rxd4 Ba6 18. Rd2 Rfd8 19. Rdc2 Nd5
20. a3 f6 21. Nf3 Rd7 22. Nd4 Re8 23. Nxe6 Rxe6 24. Rd2 Nb6 25. Rxd7 Nxd7
26. Bd5 Kf7 27. Rc8 Ke7 28. Bxe6 Kxe6 29. Ra8 Nb6 30. Rxa7 Nc4 31. b3 Nxa3
32. Ra8 Nb5 33. Re8+ Kd6 34. Rg8 g6 35. Rg7 Kc5 36. Rxh7 Kb4 37. Rh6 Kxb3
38. Rxg6 Nc3 39. Rxf6 Bd3 40. Rb6+ Kc4 41. h4 Be4 42. h5 Kc5 43. Rb2 b5 44.
g4 Bf3 45. h6 Be4 46. f4 Kd5 47. f5 Ke5 48. h7 {Black resigns} 1-0

[Event "ICC tourney 3340 (40 10)"]
[Site "Internet Chess Club"]
[Date "2023.12.09"]
[Round "4"]
[White "ZHANG, SUNNY:AboardBuffalo"]
[Black "MARKOVIC, GORAN:Goran21"]
[Result "1-0"]
[ICCResult "Black checkmated"]
[WhiteElo "1916"]
[BlackElo "2006"]
[Opening "Sicilian"]
[ECO "B54"]
[NIC "SI.01"]
[Time "17:45:07"]
[PlyCount "61"]
[TimeControl "2400+10"]

1. e4 c5 2. Nf3 d6 3. d4 cxd4 4. Nxd4 e5 5. Nb3 Nf6 6. Nc3 a6 7. f3 Be6 8.
Be3 Nbd7 9. Qd2 b5 10. g4 Nb6 11. g5 Nfd7 12. Nd5 Be7 13. Na5 Nxd5 14. exd5
Bxd5 15. Qxd5 Qxa5+ 16. Bd2 Qd8 17. h4 O-O 18. O-O-O Rc8 19. Bd3 Nc5 20. Bf5
Rb8 21. g6 hxg6 22. Bxg6 Ne6 23. Bf5 Nd4 24. Bd3 b4 25. Rdg1 Kh8 26. f4 Bf6
27. Qe4 g6 28. h5 d5 29. hxg6+ Kg8 30. g7 dxe4 31. Rh8# {Black checkmated}
1-0

[Event "ICC tourney 3340 (40 10)"]
[Site "Internet Chess Club"]
[Date "2023.12.09"]
[Round "4"]
[White "HANKE, HARVEY:ThinkingPanda"]
[Black "CHENG, ERIC:EricCheng-131"]
[Result "1-0"]
[ICCResult "Black resigns"]
[WhiteElo "2077"]
[BlackElo "1823"]
[Opening "KGA: Abbazia defense, modern variation"]
[ECO "C31"]
[NIC "KG.04"]
[Time "17:45:03"]
[PlyCount "57"]
[TimeControl "2400+10"]

1. e4 e5 2. f4 d5 3. exd5 exf4 4. Nf3 Nf6 5. d4 Nxd5 6. Bc4 Be6 7. Qe2 Be7
8. O-O O-O 9. Nc3 Nxc3 10. bxc3 Bxc4 11. Qxc4 Bd6 12. Qb5 Qc8 13. Ng5 Nc6
14. Ne4 a6 15. Qd3 Qe6 16. d5 Qe5 17. Bxf4 Qh5 18. Bxd6 Ne5 19. Bxe5 Qxe5
20. Rae1 Qh5 21. Ng3 Qg5 22. Rf5 Qg6 23. Kh1 Rad8 24. Rfe5 Qf6 25. c4 g6 26.
Re7 Qd6 27. Qd4 Rd7 28. Rxd7 Qxd7 29. Ne4 {Black resigns} 1-0

[Event "ICC tourney 3340 (40 10)"]
[Site "Internet Chess Club"]
[Date "2023.12.09"]
[Round "4"]
[White "Meng, Joshua:jmichess"]
[Black "QUIRKE, JEFFREY L:PawnEatingZombi"]
[Result "1/2-1/2"]
[ICCResult "Game drawn by repetition"]
[WhiteElo "2014"]
[BlackElo "2165"]
[Opening "Two knights defense (Modern bishop's opening)"]
[ECO "C55"]
[NIC "IG.01"]
[Time "17:46:08"]
[PlyCount "72"]
[TimeControl "2400+10"]

1. e4 e5 2. Nf3 Nc6 3. Bc4 Nf6 4. d3 h6 5. O-O d6 6. a3 g5 7. Nc3 Bg7 8. Nd5
Nxd5 9. Bxd5 Ne7 10. Ba2 O-O 11. Be3 Be6 12. Bxe6 fxe6 13. h4 g4 14. Nh2 h5
15. Bg5 Bf6 16. Bxf6 Rxf6 17. Qd2 Qe8 18. Qg5+ Qg6 19. Qxg6+ Nxg6 20. g3
Raf8 21. Kg2 Kf7 22. f3 gxf3+ 23. Nxf3 Ke7 24. Ng5 Rxf1 25. Rxf1 Rxf1 26.
Kxf1 c5 27. Kg2 Kf6 28. Kh3 b5 29. Nh7+ Kg7 30. Ng5 Kf6 31. Nh7+ Kg7 32. Ng5
Kf6 33. Nh7+ Kg7 34. Ng5 Kf6 35. Nh7+ Kg7 36. Ng5 Kf6 {Game drawn by
repetition} 1/2-1/2

[Event "ICC tourney 3340 (40 10)"]
[Site "Internet Chess Club"]
[Date "2023.12.09"]
[Round "4"]
[White "Li, Alex:AlexLi31415"]
[Black "Pozharskii, Denis:odnis"]
[Result "1-0"]
[ICCResult "Black resigns"]
[WhiteElo "1835"]
[BlackElo "1831"]
[Opening "Caro-Kann: Tartakower (Nimzovich) variation"]
[ECO "B15"]
[NIC "CK.06"]
[Time "17:46:25"]
[PlyCount "67"]
[TimeControl "2400+10"]

1. e4 c6 2. d4 d5 3. Nc3 dxe4 4. Nxe4 Nf6 5. Nxf6+ exf6 6. Nf3 Bd6 7. Be3
O-O 8. Bd3 Re8 9. Qd2 a5 10. h3 Nd7 11. O-O Nf8 12. a3 b5 13. d5 Bb7 14.
dxc6 Bxc6 15. Nd4 Qd7 16. Nxc6 Qxc6 17. Rac1 Bc5 18. Bxc5 Qxc5 19. Rfe1 Ng6
20. Rxe8+ Rxe8 21. Qxa5 Ne5 22. Qxb5 Qxb5 23. Bxb5 Rb8 24. a4 Kf8 25. Rd1
Ke7 26. c4 Nxc4 27. Bxc4 Rxb2 28. Ra1 Kd6 29. Bxf7 Kc7 30. a5 Kb7 31. a6+
Ka7 32. Bc4 Rb4 33. Bd3 h6 34. Re1 {Black resigns} 1-0

[Event "ICC tourney 3340 (40 10)"]
[Site "Internet Chess Club"]
[Date "2023.12.09"]
[Round "4"]
[White "CHINNI, RISHABH:alphachesplayer"]
[Black "LIU, PATRICK PEIJUN:JunlinTheWorld"]
[Result "1/2-1/2"]
[ICCResult "Game drawn by mutual agreement"]
[WhiteElo "2094"]
[BlackElo "2257"]
[Opening "Sicilian: Taimanov variation"]
[ECO "B48"]
[NIC "SI.40"]
[Time "17:45:09"]
[PlyCount "107"]
[TimeControl "2400+10"]

1. e4 c5 2. Nf3 e6 3. d4 cxd4 4. Nxd4 Nc6 5. Nc3 Qc7 6. Be3 a6 7. Qd2 Nf6 8.
f3 b5 9. O-O-O Bb7 10. g4 h6 11. h4 Ne5 12. Bf4 d6 13. Ncxb5 axb5 14. Bxe5
Rxa2 15. Bxb5+ Nd7 16. Kb1 Qa5 17. Qxa5 Rxa5 18. Bg3 e5 19. Bxd7+ Kxd7 20.
Nb3 Rb5 21. Rd3 Be7 22. c4 Rb4 23. Nc5+ Kc6 24. Nxb7 Rxb7 25. b3 Rhb8 26.
Kb2 Rb4 27. Rc1 R4b7 28. Be1 Ra8 29. Ra1 Rxa1 30. Kxa1 Rb8 31. Kb2 h5 32. b4
Rh8 33. g5 f6 34. b5+ Kb7 35. gxf6 gxf6 36. c5 Kc7 37. Ba5+ Kd7 38. cxd6 Bd8
39. Bxd8 Rxd8 40. Kc3 Rb8 41. Kc4 Rc8+ 42. Kd5 Rb8 43. Kc5 Rc8+ 44. Kb6 Rb8+
45. Ka7 Rxb5 46. Ka6 Rb1 47. Rd5 Rh1 48. f4 exf4 49. Rxh5 Kxd6 50. Rf5 Rxh4
51. Kb5 Ke6 52. Kc4 f3 53. Kd3 Rh3 54. Ke3 {Game drawn by mutual agreement}
1/2-1/2

[Event "ICC tourney 3340 (40 10)"]
[Site "Internet Chess Club"]
[Date "2023.12.09"]
[Round "4"]
[White "CHEN, LEON TINGQUAN:leonlunachen"]
[Black "Feng, Jay:TheDeadlyPawn"]
[Result "1/2-1/2"]
[ICCResult "Game drawn by mutual agreement"]
[WhiteElo "1879"]
[BlackElo "1949"]
[Opening "Queen's bishop game"]
[ECO "A45"]
[NIC "QP.07"]
[Time "17:45:07"]
[PlyCount "51"]
[TimeControl "2400+10"]

1. d4 Nf6 2. Bf4 d5 3. Nf3 e6 4. e3 Bd6 5. Bg3 O-O 6. Bd3 c5 7. c3 Qc7 8.
O-O Nbd7 9. Nbd2 b6 10. e4 dxe4 11. Nxe4 Nxe4 12. Bxe4 Rb8 13. Re1 Bxg3 14.
hxg3 Rd8 15. Qe2 Nf6 16. Bc2 Bb7 17. Rad1 Rbc8 18. Bb1 Qc6 19. dxc5 Qxc5 20.
Rxd8+ Rxd8 21. Rd1 Re8 22. Qe5 Bd5 23. Qd4 Rc8 24. Ne5 Kf8 25. g4 h6 26. f3
{Game drawn by mutual agreement}
1/2-1/2

[Event "ICC tourney 3340 (40 10)"]
[Site "Internet Chess Club"]
[Date "2023.12.09"]
[Round "4"]
[White "WU, WILLIAM:chessw23"]
[Black "GEVORGYAN, DAVIT:Davo29"]
[Result "1/2-1/2"]
[ICCResult "Game drawn by mutual agreement"]
[WhiteElo "2144"]
[BlackElo "2028"]
[Opening "Queen's pawn game, Darooha variation "]
[ECO "D02"]
[NIC "QP.08"]
[Time "17:45:32"]
[PlyCount "147"]
[TimeControl "2400+10"]

1. d4 d5 2. Nf3 Nf6 3. g3 c6 4. Bg2 Bf5 5. O-O e6 6. Nbd2 Nbd7 7. Nh4 Bg4 8.
Qe1 Be7 9. Nhf3 O-O 10. e4 dxe4 11. Ne5 Bf5 12. Nxe4 Nxe4 13. Bxe4 Bxe4 14.
Nxd7 Qxd7 15. Qxe4 Qd5 16. Qxd5 cxd5 17. c3 b5 18. Bd2 a5 19. a3 Rfc8 20. g4
Rab8 21. b4 g5 22. Kg2 h6 23. f4 gxf4 24. Bxf4 Ra8 25. Bd2 Bg5 26. Bxg5 hxg5
27. Rf3 axb4 28. cxb4 Rc2+ 29. Kg3 Rd2 30. h4 gxh4+ 31. Kxh4 Rxd4 32. Raf1
f5 33. Kg5 Rxg4+ 34. Kf6 Re8 35. Rh3 Rg7 36. Rfh1 Rf7+ 37. Ke5 Ree7 38. Rh8+
Kg7 39. R8h7+ Kg6 40. R7h6+ Kg5 41. R6h5+ Kg4 42. R5h4+ Kf3 43. R4h3+ Kg4
44. Rh4+ Kg3 45. R1h3+ Kf2 46. Rh2+ Kg1 47. Rh1+ Kf2 48. R1h2+ Ke1 49. Rh1+
Kd2 50. R1h2+ Kd1 51. Rh1+ Kc2 52. R1h2+ Kb3 53. R2h3+ Ka4 54. Rh8 f4 55.
Ra8+ Ra7 56. Rxa7+ Rxa7 57. Kxe6 d4 58. Rd3 Rc7 59. Rxd4 f3 60. Rd3 f2 61.
Rf3 Rc2 62. Kd5 Ra2 63. Kc5 Rxa3 64. Rxf2 Rc3+ 65. Kb6 Rc4 66. Ra2+ Kxb4 67.
Rb2+ Ka4 68. Rxb5 Rh4 69. Ra5+ Kb4 70. Rb5+ Kc4 71. Rc5+ Kd4 72. Rc1 Rh6+
73. Rc6 Rh5 74. Rc1 {Game drawn by mutual agreement} 1/2-1/2

[Event "ICC tourney 3340 (40 10)"]
[Site "Internet Chess Club"]
[Date "2023.12.09"]
[Round "4"]
[White "POLYAKIN, VLADIMIR:IAlwaysWin"]
[Black "KOEHL, EVAN:MacAndSneeze"]
[Result "1/2-1/2"]
[ICCResult "Game drawn because neither player has mating material"]
[WhiteElo "2100"]
[BlackElo "2050"]
[Opening "English opening"]
[ECO "A05"]
[NIC "QP.11"]
[Time "17:45:13"]
[PlyCount "109"]
[TimeControl "2400+10"]

1. Nf3 Nf6 2. c4 d5 3. cxd5 Nxd5 4. e4 Nb6 5. d4 g6 6. Nc3 Bg7 7. Be3 Nc6 8.
d5 Ne5 9. Nxe5 Bxe5 10. f4 Bg7 11. Be2 O-O 12. O-O e6 13. dxe6 Bxe6 14. Qc2
c6 15. Rad1 Qe7 16. b3 Rfd8 17. Kh1 Rxd1 18. Rxd1 Rd8 19. Rxd8+ Qxd8 20. a4
Qe7 21. Nb1 Qb4 22. Nd2 Nd7 23. Bc4 Bxc4 24. Qxc4 Bc3 25. Qxb4 Bxb4 26. Nc4
Bc5 27. Bd2 b5 28. Na5 bxa4 29. bxa4 Nb6 30. Nxc6 Nxa4 31. g4 Nb6 32. Kg2
Nc4 33. Bc3 Kf8 34. Kf3 Ke8 35. e5 Kd7 36. Nb8+ Kc7 37. Na6+ Kb6 38. Nxc5
Kxc5 39. Ke4 a5 40. f5 a4 41. e6 fxe6 42. fxg6 hxg6 43. h4 Kd6 44. h5 gxh5
45. gxh5 Ke7 46. h6 Nd6+ 47. Kf4 Nf7 48. h7 e5+ 49. Kf5 e4 50. Bb4+ Ke8 51.
Kxe4 Ng5+ 52. Kd5 Nxh7 53. Kc5 Nf6 54. Kb5 Nd5 55. Kxa4
{Game drawn because neither player has mating material}
1/2-1/2

[Event "ICC tourney 3340 (40 10)"]
[Site "Internet Chess Club"]
[Date "2023.12.09"]
[Round "4"]
[White "Volkov, Sergey:Volkov"]
[Black "ZHOU, JIANCHAO:TomCruise999"]
[Result "1/2-1/2"]
[ICCResult "Game drawn by mutual agreement"]
[WhiteElo "2506"]
[BlackElo "2646"]
[Opening "King's Indian: Makagonov system (5.h3)"]
[ECO "E71"]
[NIC "KI.31"]
[Time "17:45:08"]
[PlyCount "59"]
[TimeControl "2400+10"]

1. d4 Nf6 2. c4 g6 3. Nc3 Bg7 4. e4 d6 5. h3 Nbd7 6. Be3 e5 7. Nf3 exd4 8.
Bxd4 O-O 9. Bd3 b6 10. O-O Nc5 11. Re1 Re8 12. Bc2 Bb7 13. e5 dxe5 14. Bxe5
Qxd1 15. Raxd1 Bxf3 16. gxf3 c6 17. b4 Ne6 18. Ba4 Rec8 19. Rd6 c5 20. bxc5
bxc5 21. Bc6 Rab8 22. Nd5 Nxd5 23. Bxd5 Bxe5 24. Rxe5 Nf4 25. Rf6 Nxd5 26.
cxd5 Kg7 27. Rc6 c4 28. Re4 c3 29. Rec4 Rd8 30. d6
{Game drawn by mutual agreement}
1/2-1/2

[Event "ICC tourney 3340 (40 10)"]
[Site "Internet Chess Club"]
[Date "2023.12.09"]
[Round "4"]
[White "KONA, VIDIP KUMAR:Vidipkona"]
[Black "OPASKA, MICHAEL:mopaska1106"]
[Result "0-1"]
[ICCResult "White checkmated"]
[WhiteElo "2029"]
[BlackElo "2004"]
[Opening "English opening"]
[ECO "A05"]
[NIC "QP.11"]
[Time "17:45:15"]
[PlyCount "178"]
[TimeControl "2400+10"]

1. Nf3 Nf6 2. c4 e6 3. b3 b6 4. g3 Bb7 5. Bg2 Be7 6. O-O O-O 7. Bb2 d5 8. d3
Nbd7 9. Nbd2 c5 10. e3 Qc7 11. Qc2 Rac8 12. Rac1 Rfd8 13. a3 Qb8 14. Rfd1
Qa8 15. Ne1 dxc4 16. dxc4 Nf8 17. Bxb7 Qxb7 18. f3 Ng6 19. e4 h5 20. h4 Qc7
21. Nf1 Bd6 22. Kf2 Be5 23. Bxe5 Nxe5 24. Ne3 Nc6 25. Qb2 Nd4 26. N1c2 Qe5
27. Nxd4 Rxd4 28. Rxd4 cxd4 29. Nc2 Rd8 30. Rd1 Qc5 31. Rd3 e5 32. a4 Qc8
33. Kg2 a5 34. Ne1 Qe6 35. Rd2 Nd7 36. Nd3 Nc5 37. Qc2 g6 38. Re2 Nxd3 39.
Qxd3 Qd6 40. Rd2 Qb4 41. Kf2 Qc5 42. Kg2 Kg7 43. Qe2 Qb4 44. Rd3 Qc5 45. Qf2
Qc6 46. Qe2 Re8 47. Kh2 Re7 48. Qd2 Re8 49. Kg2 Re7 50. Qc2 f5 51. Rd2 Qf6
52. Re2 f4 53. Qd2 Rf7 54. Rf2 Qe7 55. Rf1 fxg3 56. Kxg3 Rf4 57. Rh1 g5 58.
Qe2 g4 59. fxg4 Rxg4+ 60. Kf2 Qf8+ 61. Ke1 Qb4+ 62. Kf2 Qc3 63. Kf1 Qc1+ 64.
Qe1 Rf4+ 65. Kg2 Qc2+ 66. Kh3 Rf3+ 67. Qg3+ Rxg3+ 68. Kxg3 Qd3+ 69. Kh2 Qe2+
70. Kg3 Qxe4 71. Rf1 Qg4+ 72. Kh2 Qxh4+ 73. Kg2 e4 74. c5 bxc5 75. b4 cxb4
76. Kg1 Qg3+ 77. Kh1 d3 78. Rf7+ Kg6 79. Rg7+ Kf5 80. Rxg3 d2 81. Rg1 e3 82.
Kg2 e2 83. Rh1 d1=Q 84. Rh4 Qf1+ 85. Kh2 Qf2+ 86. Kh3 Qxh4+ 87. Kxh4 e1=Q+
88. Kh3 Qg1 89. Kh4 Qg4# {White checkmated} 0-1